 Dungeon Crawl Stone Soup version 0.29.1-15-g9cfb28693d (webtiles) character file.

Game seed: 13825723823751553583

83 Tauromancer the Shield-Bearer (level 4, -1/37 HPs)
             Began as a Formicid Fighter on Mar 31, 2023.
             Slain by a gnoll
             ... wielding a +0 spear
              (4 damage)
             ... on level 3 of the Dungeon.
             The game lasted 00:11:42 (2218 turns).

Tauromancer the Shield-Bearer (Formicid Fighter)    Turns: 2218, Time: 00:11:42

Health: -1/37      AC:  7    Str: 22    XL:     4   Next: 71%
Magic:  4/4        EV: 10    Int:  8    God:
Gold:   125        SH:  6    Dex: 19    Spells: 3/3 levels left

rFire   . . .      SeeInvis +   a - +0 flail
rCold   . . .      Faith    .   c - +0 buckler
rNeg    . . .      Spirit   .   b - +0 scale mail
rPois   .          Reflect  .   (helmet unavailable)
rElec   .          Harm     .   (no cloak)
rCorr   .          Rampage  .   (no gloves)
Will    +....                   (no boots)
Stlth   ..........              (no amulet)
HPRegen 0.12/turn               h - ring of willpower
MPRegen 0.09/turn               p - +6 ring of dexterity

@: no status effects
A: permanent stasis, dig shafts and tunnels, antennae 3, four strong arms
a: Dig, Shaft Self


You were on level 3 of the Dungeon.
You visited 1 branch of the dungeon, and saw 3 of its levels.

You collected 125 gold pieces.

Inventory:

Hand Weapons
 a - a +0 flail (weapon)
Armour
 b - a +0 scale mail (worn)
 c - a +0 buckler (worn)
 n - a +0 chain mail
Jewellery
 f - a ring of magical power
 g - a ring of flight
 h - a ring of willpower (left hand)
 m - a ring of poison resistance
 p - a +6 ring of dexterity (right hand)
Scrolls
 e - a scroll of identify
 i - a scroll of amnesia {unknown}
 j - a scroll of enchant weapon {unknown}
 k - a scroll of blinking {unknown}
 l - a scroll of immolation {unknown}
 q - a scroll of silence {unknown}
Potions
 d - 3 potions of might
 o - 2 potions of magic
 r - a potion of curing {unknown}


   Skills:
 + Level 3.8 Fighting
 + Level 2.9 Maces & Flails
 + Level 3.9 Armour
 + Level 0.9 Dodging
 + Level 0.5 Stealth
 + Level 4.5 Shields


You had 3 spell levels left.
You didn't know any spells.
Your spell library contained the following spells:

 Spells                   Type           Power      Damage    Failure   Level
 Frozen Ramparts          Ice            0%         1d1       99%         3
 Ice Form                 Ice/Tmut       0%         N/A       100%        4
 Summon Ice Beast         Ice/Summ       0%         N/A       100%        4


Dungeon Overview and Level Annotations

Branches:
Dungeon (3/15)

Altars:

Shops:
D:1 (


Innate Abilities, Weirdness & Mutations

You cannot be hasted, slowed, berserked, paralysed or teleported.
You can dig through walls and to a lower floor.
You have a pair of large antennae on your head. (SInv)
Your four strong arms can wield two-handed weapons with a shield.


Message History

You closely miss the gnoll. You block the gnoll's attack.
You hit the gnoll.
The gnoll is heavily wounded.
The gnoll hits you with a +0 spear. The gnoll closely misses you.
You sock the gnoll!
The gnoll is severely wounded.
The gnoll hits you with a +0 flail!
The gnoll hits you from afar with a +0 spear.
You block the gnoll's attack. The gnoll attacks as you move away!
The gnoll closely misses you.
You hit the gnoll.
The gnoll is almost dead.
You block the gnoll's attack. The gnoll hits you with a +0 flail.
The gnoll hits you but does no damage.
You hit the gnoll.
You kill the gnoll!
The gnoll hits you from afar with a +0 spear.
A goblin comes into view. It is wielding a +0 club.
The gnoll hits you from afar with a +0 spear.
Okay, then.
The gnoll hits you but does no damage.
The gnoll hits you from afar with a +0 spear.
* * * LOW HITPOINT WARNING * * *
You sock the gnoll!
The gnoll is severely wounded.
You block the gnoll's attack. x2
You barely miss the gnoll.
The gnoll is severely wounded.
The gnoll hits you with a +0 spear.
* * * LOW HITPOINT WARNING * * *
The gnoll hits you from afar with a +0 spear.
* * * LOW HITPOINT WARNING * * *
The gnoll barely misses you.
You closely miss the gnoll.
The gnoll is severely wounded.
The gnoll hits you from afar with a +0 spear.
* * * LOW HITPOINT WARNING * * *
The gnoll hits you with a +0 spear.
You die...

##♣P~# ~♣~♣P~~ #.#
♣~~~~~†♣# #.# ♣~~~P~~~#
#.. # ♣♣♣≈≈~~PP~#### #.#
.#
♣♣~≈≈≈~P~~~...#####g###.#
~P~≈≈≈≈~~~♣..)g.....#...
~~~~~≈~≈~♣....#g###.#.###
..............#@#....<..#
~≈~~~~P~~♣..###.#.#.###.#
≈≈≈~~~~~~~### #.††....# #
≈~≈~~~~~♣## ##..#.#.#
~≈~~P~♣♣# ##.....# ~≈~~♣♣
###.### ~≈♣♣ #.# ~ #..
#...


You could see 2 gnolls.

Vanquished Creatures
  A gnoll (D:3)
  2 adders (D:2)
  3 dart slugs
  4 ball pythons
  2 endoplasms
  4 giant cockroaches
  3 hobgoblins
  2 jackals (D:2)
  3 kobolds
  3 quokkas
  4 bats
  A frilled lizard (D:2)
  4 goblins
  13 rats
49 creatures vanquished.

Vanquished Creatures (others)
  2 plants (D:3)
2 creatures vanquished.

Grand Total: 51 creatures vanquished

Notes
Turn   | Place    | Note
-------+----------+-------------------------------------------
     0 | D:1      | Tauromancer the Formicid Fighter began the quest for the
                  | Orb.
     0 | D:1      | Reached XP level 1. HP: 18/18 MP: 1/1
    70 | D:1      | Found Joiwod's Antique Weapon Shop.
   243 | D:1      | Reached XP level 2. HP: 24/24 MP: 2/2
   433 | D:1      | Reached XP level 3. HP: 29/29 MP: 3/3
  1529 | D:2      | Found a faded altar of an unknown god.
  1621 | D:2      | Reached XP level 4. HP: 36/37 MP: 4/4
  2218 | D:3      | Slain by a gnoll

Illustrated notes

Levels and vault maps discovered:
D:1:      amcnicky_arrival_single_pillar, layout_basic, serial_shops,
          nicolae_shop_advertising_works [nicolae_subvault_shop_adworks],
          columned_hall_lemuel, minmay_misc_feat_diagonals,
          minmay_rat_gold_closets
D:2:      layout_loops_corners, dreamdust_ecumenical_altar_angels_and_demons
D:3:      layout_basic, serial_bayou_lagoon_b

Action                   |  1- 3 |  4- 6 || total
-------------------------+-------+-------++-------
Melee: Flail             |    94 |    49 ||   143
  Use: Scroll            |     2 |       ||     2
Armor: Scale mail        |    34 |    23 ||    57
Dodge: Dodged            |    48 |    22 ||    70
Block: Buckler           |    22 |    16 ||    38
